 Dungeon Crawl Stone Soup version 0.30-a0-40-gc6d0f036a7 (webtiles) character file.

Game seed: 13079432579520400502

45 ytrimaz the Insei (level 3, -1/23 HPs)
             Began as an Octopode Transmuter on Aug 29, 2022.
             Slain by a gnoll
             ... wielding a +0 flail
              (11 damage)
             ... on level 2 of the Dungeon.
             The game lasted 00:02:01 (1732 turns).

ytrimaz the Insei (Octopode Transmuter)             Turns: 1732, Time: 00:02:02

Health: -1/23      AC:  2    Str:  9    XL:     3   Next: 64%
Magic:  13/15      EV: 20    Int: 17    God:
Gold:   84         SH:  0    Dex: 23    Spells: 0/6 levels left

rFire   . . .      SeeInvis .      - Unarmed
rCold   . . .      Faith    .    (shield currently unavailable)
rNeg    . . .      Spirit   .    (helmet currently unavailable)
rPois   x          Reflect  .    (no amulet)
rElec   .          Harm     .    c - +6 ring of dexterity
rCorr   .          Rampage  .    e - ring of magical power
Will    +....                    h - ring of willpower
Stlth   ++........               (no ring)
HPRegen 0.07/turn                (no ring)
MPRegen 0.14/turn                (no ring)
                                 (no ring)
                                 (no ring)

@: spider-form (expiring)
A: venomous fangs, almost no armour, (amphibious), 8 rings, tiny, (camouflage
1), (gelatinous body 1), (nimble swimmer 1), (tentacles)
a: End Transformation


You were on level 2 of the Dungeon.
You were a venomous arachnid creature.
You visited 1 branch of the dungeon, and saw 2 of its levels.

You collected 84 gold pieces.

Inventory:

Jewellery
 c - a +6 ring of dexterity (left front leg)
 e - a ring of magical power (right front leg)
 h - a ring of willpower (on tentacle)
Scrolls
 d - 2 scrolls of identify
 j - a scroll of torment {unknown}
Potions
 a - 2 potions of lignification
 b - a potion of haste {unknown}
 f - a potion of heal wounds
 g - a potion of might {unknown}
 i - a potion of curing {unknown}
 k - a potion of berserk rage {unknown}


   Skills:
 - Level 1.0 Fighting
 - Level 2.0 Dodging
 - Level 4.3 Unarmed Combat
 + Level 2.0 Spellcasting
 + Level 2.0 Transmutations
 * Level 0.7 Poison Magic


You couldn't memorise any spells.
You knew the following spells:

 Your Spells              Type           Power      Damage    Failure   Level
a - Beastly Appendage     Tmut           16%        N/A       22%         1
b - Wereblood             Tmut           8%         N/A       30%         2
c - Spider Form           Tmut/Pois      6%         N/A       54%         3

Your spell library contained the following spells:

 Spells                   Type           Power      Damage    Failure   Level
 Magic Dart               Conj           4%         1d3       38%         1
 Passwall                 Tmut/Erth      4%         N/A       38%         2
 Ensorcelled Hibernation  Hex/Ice        2%         N/A       50%         2
 Searing Ray              Conj           2%         2d4       50%         2
 Swiftness                Air            1%         N/A       71%         3
 Ice Form                 Ice/Tmut       5%         N/A       90%         4
 Fulminant Prism          Conj/Hex       0%         3d6       96%         4


Dungeon Overview and Level Annotations

Branches:
Dungeon (2/15)

Altars:

Shops:
D:1 ?(:?


Innate Abilities, Weirdness & Mutations

You are a venomous arachnid creature.
You have poisonous fangs.
You are tiny and dextrous.
Your spellcasting is less reliable in this form.
Your armour is entirely melded.
You are incapable of wielding weapons or throwing items.
You cannot wear most types of armour.
((You are amphibious.))
You can wear up to eight rings at the same time.
((Your skin changes colour to match your surroundings (Stealth+).))
((Your rubbery body absorbs attacks. (AC +1, EV +1)))
((You are camouflaged when in or above water. (Stealth+)))
((You have tentacles for arms and can constrict up to eight enemies at once.))


Message History

Found a ring mail.
No target in view!
You see here a +0 ring mail.
A gnoll comes into view.
It is wielding a +0 flail. 2 gnolls come into view.
Found 11 gold pieces.
There are monsters nearby!
The gnoll shouts!
There are monsters nearby!
Found a spear.
The gnoll shouts!
The gnoll throws a throwing net.
The throwing net closely misses you.
Casting: Beastly Appendage (safe; 9% risk of failure)
Confirm with . or Enter, or press ? or * to list all spells.
The spell is extremely dangerous to miscast (32% risk of failure)!
Continue anyway?
You turn into a venomous arachnid creature.
Unknown command.
The gnoll attacks as you move away! The gnoll closely misses you.
You see here a throwing net.
You hit the gnoll.
The gnoll is poisoned.
The gnoll is lightly wounded.
You barely miss the gnoll.
The gnoll is moderately wounded.
The gnoll completely misses you. x2
The gnoll hits you from afar with a +0 halberd!
You hit the gnoll.
The gnoll is moderately wounded.
The gnoll hits you with a +0 club. The gnoll barely misses you.
The gnoll completely misses you.
You hit the gnoll.
The gnoll is poisoned.
The gnoll is almost dead.
Your transformation is almost over.
The gnoll misses you. x2; The gnoll completely misses you.
The gnoll attacks as you move away! The gnoll closely misses you.
The gnoll completely misses you.
You see here a throwing net.
You bite the gnoll!
You kill the gnoll!
The gnoll hits you with a +0 flail!
You die...

#................#....
#)..........#..###.#..
#.......).<###..#..#..
#..#......†#...##..
#..#######...#..#.†
##.# ##..>....) #g#
######.###....
#)###......# ###.#
#sg........# #..
#.##.[.....# ###
#####.###......#
#......##......#######
#.....................
#......##......#######
#########......#
#......# ########


You could see 2 gnolls.

Vanquished Creatures
  A gnoll (D:2)
  A worm (D:2)
  2 dart slugs
  5 ball pythons
  4 bats
  2 endoplasms (D:2)
  A giant cockroach (D:2)
  5 goblins
  2 hobgoblins
  2 jackals (D:1)
  2 quokkas (D:2)
  A frilled lizard (D:1)
  4 kobolds
  3 rats
35 creatures vanquished.

Notes
Turn   | Place    | Note
-------+----------+-------------------------------------------
     0 | D:1      | ytrimaz the Octopode Transmuter began the quest for the
                  | Orb.
     0 | D:1      | Reached XP level 1. HP: 13/13 MP: 3/3
    19 | D:1      | Found Plog's Weapon Emporium.
    35 | D:1      | Found Ecesocucw's Magic Scroll Emporium.
   218 | D:1      | Found Onlyk's Magic Scroll Shoppe.
   224 | D:1      | Reached XP level 2. HP: 17/18 MP: 3/5
   261 | D:1      | Found a faded altar of an unknown god.
   735 | D:1      | Reached skill level 4 in Unarmed Combat
   775 | D:1      | Found Kaezaug's Book Emporium.
   987 | D:2      | Reached XP level 3. HP: 19/23 MP: 4/6
  1234 | D:2      | Learned a level 2 spell: Wereblood
  1238 | D:2      | Learned a level 3 spell: Spider Form
  1732 | D:2      | Slain by a gnoll

Illustrated notes

Levels and vault maps discovered:
D:1:      spicycebolla_arrival_xxxplode, layout_loops_ring, serial_shops, shop,
          nicolae_shop_hallway_plus, shop, nicolae_shop_crystal,
          shapermc_ecumenical_altar_gd
D:2:      layout_rooms, uniq_crazy_yiuf_cottage

Skill      XL: |  1  2 |
---------------+-------+-----
Unarmed Combat | 4 |  4.3
Fighting       | |  1.0
Dodging        | |  2.0
Spellcasting   | |  2.0
Transmutations | |  2.0
Poison Magic   | |  0.7

Action                   || total
-------------------------++-------
Melee: Unarmed           ||    63
       Constrict         ||    19
       Punch             ||     2
       Kick              ||    11
       Tentacles         ||    11
 Cast: Beastly Appendage ||    17
       Spider Form       ||     1
  Use: Scroll            ||     4
 Stab: Distracted        ||     1
       Sleeping          ||     4
Armor: Skin              ||     9
Dodge: Dodged            ||    46

Table legend: (Time is in decaauts)
 A = Elapsed time spent in this place.
 B = Non-inter-level travel time spent in this place.
 C = Inter-level travel time spent in this place.
 D = Time resting spent in this place.
 E = Time spent auto-exploring this place.
 F = Levels seen in this place.
 G = Mean time per level.
                   A        B        C        D        E       F      G
               +--------+--------+--------+--------+--------+-----+--------+
         Total |   1725 |   1688 |     37 |      0 |   1383 |   2 |  862.5 |
       Dungeon |   1725 |   1688 |     37 |      0 |   1383 |   2 |  862.5 |
               +--------+--------+--------+--------+--------+-----+--------+

Top non-repeatable levels by time:
     D:1: 974 daAuts
     D:2: 750 daAuts
